[Event "Titled Tuesday Blitz June 6 Late 2023"]
[White "Amburgy, Ryan"]
[Black "Wang, Alexander J"]
[WhiteFideId "30924820"]
[BlackFideId "30955270"]
[WhiteElo "2134"]
[BlackElo "2273"]
[Result "1-0"]
[Round "4"]
[TimeControl "180+2"]
[Date "2023.06.07"]
[WhiteClock "0:01:39"]
[BlackClock "0:01:22"]
[Board "68"]

1. d4 d5 2. c4 e6 3. Nc3 c5 4. cxd5 exd5 5. Nf3 Nc6 6. dxc5 d4 7. Na4 Bxc5 8. Nxc5 Qa5+ 9. Bd2 Qxc5 10. b4 Qd6 11. Rc1 Nf6 12. b5 Ne5 13. Qb3 Nxf3+ 14. Qxf3 O-O 15. g3 Be6 16. Qf4 Qxf4 17. Bxf4 Bd5 18. Rg1 Rfe8 19. a4 d3 20. e3 Be4 21. Bh3 Red8 22. Kd2 Bg6 23. Bg2 Ne4+ 24. Bxe4 Bxe4 25. Rc4 f5 26. Rgc1 h6 27. h4 Bd5 28. Rc7 Be4 29. Be5 1-0


[Site "https://www.chess.com"]

[Event "Titled Tuesday Blitz June 6 Late 2023"]
[White "Kejzar, Petra"]
[Black "Popilski, Gil"]
[WhiteFideId "14610213"]
[BlackFideId "2809060"]
[WhiteElo "2089"]
[BlackElo "2537"]
[Result "0-1"]
[Round "4"]
[TimeControl "180+2"]
[Date "2023.06.07"]
[WhiteClock "0:00:57"]
[BlackClock "0:01:02"]
[Board "69"]

1. e4 c5 2. Nf3 d6 3. d4 cxd4 4. Nxd4 Nf6 5. Nc3 e6 6. Be3 Be7 7. f3 Nc6 8. Qd2 a6 9. g4 Nd7 10. O-O-O Nde5 11. f4 Nxg4 12. Rg1 Nxe3 13. Qxe3 O-O 14. Qg3 g6 15. f5 Nxd4 16. fxg6 fxg6 17. Rxd4 Qb6 18. Rd3 Qf2 19. Bh3 Qxg3 20. Rdxg3 Rf2 21. R3g2 Rxg2 22. Rxg2 Bd7 23. Ne2 Rf8 24. Nd4 Rf6 25. Kd2 Bd8 26. c3 Kf7 27. Re2 Bc7 28. Nc2 Bb5 29. Rg2 Bf1 30. Rg3 d5 31. exd5 exd5 32. Bxf1 Bxg3 33. Bg2 Rf2+ 34. Kd3 Rxg2 35. Ne3 Rxh2 36. Nxd5 Rxb2 37. c4 Rxa2 38. Ke4 h5 39. c5 Ra3 40. Nb6 Bf2 41. Nc4 Bxc5 42. Kd5 Bf8 43. Ne5+ Kg7 44. Ke4 Ra4+ 45. Kd5 Ra5+ 46. Ke6 Rxe5+ 47. Kxe5 b5 48. Kd4 a5 49. Kc3 a4 50. Kd3 a3 51. Kc2 b4 52. Kb3 h4 53. Ka2 h3 54. Kb1 h2 55. Ka2 h1=B 56. Kb3 g5 57. Ka2 g4 58. Kb3 g3 59. Ka2 g2 60. Kb3 g1=B 61. Ka4 Bd5 62. Kb5 a2 63. Ka6 Bc6 64. Ka5 a1=R# 0-1


[Site "https://www.chess.com"]

[Event "Titled Tuesday Blitz June 6 Late 2023"]
[White "Adewumi, Tanitoluwa"]
[Black "Arias Igual, Alejandro"]
[WhiteFideId "30966396"]
[BlackFideId "2254905"]
[WhiteElo "2621"]
[BlackElo "2179"]
[Result "0-1"]
[Round "4"]
[TimeControl "180+2"]
[Date "2023.06.07"]
[WhiteClock "0:00:01"]
[BlackClock "0:00:47"]
[Board "70"]

1. e4 c5 2. Nf3 g6 3. c3 Nf6 4. e5 Nd5 5. Bc4 Nb6 6. Bb3 c4 7. Bc2 Nc6 8. d4 cxd3 9. Qxd3 Bg7 10. Bf4 Qc7 11. Qe4 Nd8 12. e6 Qc4 13. exf7+ Nxf7 14. Nbd2 Qxe4+ 15. Nxe4 d6 16. O-O Nc4 17. b3 Nce5 18. Nxe5 Nxe5 19. Rfe1 O-O 20. Bg3 Bf5 21. Rad1 Rac8 22. c4 Nc6 23. Rd2 Bh6 24. Rdd1 Bg7 25. Bd3 Nb4 26. Bb1 h6 27. a3 Nc6 28. f3 Nd4 29. Re3 Nc6 30. Bh4 Bd4 31. Rxd4 Nxd4 32. Bxe7 Rfe8 33. Nf6+ Kf7 34. Nxe8 Rxe8 35. Bxf5 Nxf5 36. Rd3 Rxe7 37. g4 Nh4 38. Rxd6 Nxf3+ 39. Kf2 Ng5 40. Rd5 Ne4+ 41. Kf3 Nf6 42. Rd6 Rd7 43. Rxd7+ Nxd7 44. Kf4 Ke6 45. h4 b6 46. b4 Ne5 47. c5 bxc5 48. bxc5 Nd3+ 49. Ke3 Nxc5 50. Kd4 Kd6 0-1


[Site "https://www.chess.com"]

[Event "Titled Tuesday Blitz June 6 Late 2023"]
[White "Principe, Gerson"]
[Black "Harish, Neeraj"]
[WhiteFideId "3804550"]
[BlackFideId "30958130"]
[WhiteElo "2229"]
[BlackElo "1879"]
[Result "1/2-1/2"]
[Round "4"]
[TimeControl "180+2"]
[Date "2023.06.07"]
[WhiteClock "0:00:26"]
[BlackClock "0:00:10"]
[Board "71"]

1. Nf3 Nf6 2. b3 d5 3. Bb2 Bf5 4. e3 h6 5. d4 e6 6. Bd3 Nbd7 7. O-O Bd6 8. Ne5 O-O 9. f4 Ne4 10. Nd2 f6 11. Nxd7 Qxd7 12. Nxe4 Bxe4 13. Bxe4 dxe4 14. c4 Rad8 15. Qc2 f5 16. Rad1 Qf7 17. d5 exd5 18. Rxd5 c6 19. Rd2 Bc5 20. Bd4 Bxd4 21. Rxd4 Rxd4 22. exd4 Rd8 23. Rd1 Qc7 24. Qd2 Qb6 25. Kf2 Re8 26. Qe3 Qa5 27. Rd2 g5 28. g3 gxf4 29. gxf4 Qd8 30. Kf1 Kh7 31. d5 cxd5 32. Rxd5 Qf6 33. Rd7+ Kh8 34. Qd4 Qxd4 35. Rxd4 Re7 36. Rd5 Rf7 37. Rd6 Kg7 38. Ke2 Rf6 39. Rd7+ Rf7 40. Rd8 Kg6 41. Ke3 Kh5 42. Rh8 Rf6 43. Rh7 Rb6 44. Rf7 Kg6 45. Rd7 Ra6 46. Rxb7 Rxa2 47. c5 Rc2 48. b4 Rc3+ 49. Ke2 Rc4 50. Ke3 a5 51. bxa5 Rxc5 52. a6 Ra5 53. a7 Kh5 54. Rh7 Ra3+ 55. Ke2 Ra2+ 56. Ke3 Ra3+ 57. Ke2 Ra2+ 58. Ke3 Ra3+ 1/2-1/2


[Site "https://www.chess.com"]

[Event "Titled Tuesday Blitz June 6 Late 2023"]
[White "Cagara, Paulina"]
[Black "Bitoon, Richard"]
[WhiteFideId "1124870"]
[BlackFideId "5201110"]
[WhiteElo "1967"]
[BlackElo "2374"]
[Result "0-1"]
[Round "4"]
[TimeControl "180+2"]
[Date "2023.06.07"]
[WhiteClock "0:00:24"]
[BlackClock "0:00:19"]
[Board "72"]

1. e4 e5 2. Nf3 Nc6 3. c3 d5 4. Qa4 f6 5. d3 Ne7 6. Be2 Be6 7. O-O Qd7 8. Be3 g5 9. Bc5 g4 10. Nfd2 Bg7 11. c4 d4 12. b4 Ng6 13. b5 Nd8 14. Rc1 h5 15. Qa3 Nf7 16. Nb3 Ng5 17. Bb4 Qc8 18. Nc5 Bf7 19. Nd2 Nf4 20. Bf1 h4 21. Ndb3 g3 22. fxg3 hxg3 23. hxg3 Qg4 24. Be1 Bf8 25. b6 c6 26. bxa7 Ne2+ 27. Bxe2 Qxe2 28. Qb4 Be6 29. Qxb7 Nf3+ 30. gxf3 Qh2+ 31. Kf1 Bh3# 0-1


[Site "https://www.chess.com"]

[Event "Titled Tuesday Blitz June 6 Late 2023"]
[White "Vlassov, Nikolai"]
[Black "Kornyukov, Alexey"]
[WhiteFideId "4103360"]
[BlackFideId "4150457"]
[WhiteElo "2324"]
[BlackElo "2352"]
[Result "1-0"]
[Round "4"]
[TimeControl "180+2"]
[Date "2023.06.07"]
[WhiteClock "0:00:58"]
[BlackClock "0:00:04"]
[Board "73"]

1. e4 c5 2. c3 Nf6 3. e5 Nd5 4. d4 cxd4 5. cxd4 d6 6. Bc4 dxe5 7. dxe5 Be6 8. Nc3 Nc7 9. Qxd8+ Kxd8 10. Bxe6 Nxe6 11. Be3 Nc6 12. O-O-O+ Ke8 13. f4 g6 14. Nf3 Bh6 15. Ne2 Rc8 16. Kb1 f6 17. exf6 exf6 18. Rhe1 Kf7 19. Rd7+ Ne7 20. Rxb7 Rhd8 21. Ned4 Nc5 22. Rxa7 Nd3 23. Re2 Re8 24. Nb5 1-0


[Site "https://www.chess.com"]

[Event "Titled Tuesday Blitz June 6 Late 2023"]
[White "Santos Flores, Alberto"]
[Black "Visakh N R"]
[WhiteFideId "3601234"]
[BlackFideId "25012223"]
[WhiteElo "2235"]
[BlackElo "2466"]
[Result "0-1"]
[Round "4"]
[TimeControl "180+2"]
[Date "2023.06.07"]
[WhiteClock "0:00:06"]
[BlackClock "0:00:16"]
[Board "74"]

1. e4 c5 2. Nf3 Nc6 3. Nc3 g6 4. d4 cxd4 5. Nxd4 Bg7 6. Be3 d6 7. Qd2 Nf6 8. f3 O-O 9. Bc4 Bd7 10. h4 Qa5 11. O-O-O Rfc8 12. Bb3 Ne5 13. Kb1 Nc4 14. Bxc4 Rxc4 15. Nb3 Qc7 16. g4 Rc8 17. e5 Rxc3 18. Qxc3 Qxc3 19. bxc3 Ne8 20. exd6 Nxd6 21. Bf4 Bxc3 22. Bxd6 exd6 23. Rxd6 Bc6 24. Rd3 Bf6 25. g5 Bg7 26. Rhd1 Rc7 27. Rd8+ Bf8 28. Nd4 Bd7 29. Ra8 a6 30. Nb3 Kg7 31. Nd4 Bd6 32. Ne6+ Bxe6 33. Rxd6 Bd7 34. f4 h6 35. Rb8 hxg5 36. hxg5 a5 37. Kb2 b5 38. a3 Bf5 39. Rdd8 f6 40. Rg8+ Kf7 41. Rgf8+ Ke6 42. Rxf6+ Kd5 43. Rxb5+ Ke4 44. c3 Kxf4 45. Rxa5 Kxg5 46. Rf8 Rb7+ 47. Kc1 Rb1+ 48. Kd2 Rb2+ 49. Ke3 Kg4 50. Rg8 Rc2 51. Kd4 Rd2+ 52. Kc5 g5 53. c4 Kf4 54. Rf8 Rf2 55. Kb4 Ke4 56. Raxf5 Rxf5 57. Rxf5 Kxf5 58. c5 g4 59. Kb5 g3 60. c6 Ke6 61. Kb6 g2 62. Kb7 g1=Q 63. c7 Qb1+ 64. Kc8 Kd6 65. Kd8 Qb6 0-1


[Site "https://www.chess.com"]

[Event "Titled Tuesday Blitz June 6 Late 2023"]
[White "Hambleton, Aman"]
[Black "Karas, Marek"]
[WhiteFideId "2606577"]
[BlackFideId "14928558"]
[WhiteElo "2511"]
[BlackElo "2229"]
[Result "1-0"]
[Round "4"]
[TimeControl "180+2"]
[Date "2023.06.07"]
[WhiteClock "0:00:09"]
[BlackClock "0:00:09"]
[Board "75"]

1. d4 Nf6 2. Bf4 d5 3. e3 c5 4. c3 Nc6 5. Nd2 cxd4 6. exd4 Bg4 7. Qb3 Qc8 8. h3 Bh5 9. Ngf3 e6 10. Bd3 Be7 11. O-O O-O 12. Rfe1 a6 13. a4 Bg6 14. Bxg6 hxg6 15. Ne5 Nxe5 16. Bxe5 Nd7 17. a5 Nxe5 18. Rxe5 Bd6 19. Re2 Qc7 20. Nf3 Rfb8 21. Ne1 b6 22. axb6 Qxb6 23. Qxb6 Rxb6 24. Nd3 Kf8 25. Kf1 Rab8 26. h4 Ke7 27. g3 Kd7 28. b4 Ra8 29. Rea2 Kc7 30. Nc5 Bxc5 31. dxc5 Rc6 32. f4 Kb7 33. Ke2 Re8 34. Kd3 e5 35. Re2 Rce6 36. fxe5 Rxe5 37. Rxe5 Rxe5 38. Rf1 f6 39. Rf4 g5 40. Rg4 Kc6 41. hxg5 fxg5 42. c4 Rf5 43. cxd5+ Rxd5+ 44. Rd4 Rf5 45. Kc4 Rf6 46. g4 Rf4 47. Kd3 Rf3+ 48. Kc4 Rf4 49. Rxf4 gxf4 50. g5 f3 51. Kd3 a5 52. bxa5 Kxc5 53. Ke3 Kb5 54. Kxf3 Kxa5 55. Ke4 Kb6 56. Kf5 Kc6 57. Kg6 1-0


[Site "https://www.chess.com"]

[Event "Titled Tuesday Blitz June 6 Late 2023"]
[White "Shapiro, David"]
[Black "Yeritsyan, Hayk"]
[WhiteFideId "24133523"]
[BlackFideId "13307320"]
[WhiteElo "2308"]
[BlackElo "2479"]
[Result "0-1"]
[Round "4"]
[TimeControl "180+2"]
[Date "2023.06.07"]
[WhiteClock "0:01:57"]
[BlackClock "0:01:30"]
[Board "76"]

1. e4 c6 2. Nc3 d5 3. Nf3 Bg4 4. h3 Bxf3 5. Qxf3 e6 6. d4 Nf6 7. Bd3 Be7 8. Qg3 dxe4 9. Nxe4 Nxe4 10. Bxe4 Qxd4 11. Bd3 Bb4+ 12. c3 Bxc3+ 13. bxc3 Qxc3+ 14. Ke2 Qxa1 15. Qd6 Nd7 16. Ba3 Qe5+ 17. Kf3 Qxd6 18. Bxd6 O-O-O 19. Rc1 Nf6 0-1


[Site "https://www.chess.com"]

[Event "Titled Tuesday Blitz June 6 Late 2023"]
[White "Sun, Rick"]
[Black "Papayan, Oleg"]
[WhiteFideId "30909481"]
[BlackFideId "4193911"]
[WhiteElo "2169"]
[BlackElo "2167"]
[Result "1-0"]
[Round "4"]
[TimeControl "180+2"]
[Date "2023.06.07"]
[WhiteClock "0:00:15"]
[BlackClock "0:00:03"]
[Board "77"]

1. e4 e5 2. Nf3 Nc6 3. Bb5 Nf6 4. O-O Nxe4 5. Re1 Nd6 6. Nxe5 Be7 7. Bf1 Nxe5 8. Rxe5 O-O 9. d4 Bf6 10. Re1 Re8 11. c3 Rxe1 12. Qxe1 Ne8 13. Bf4 d5 14. Bd3 g6 15. Nd2 Ng7 16. Be5 Bf5 17. Bxf5 Nxf5 18. Nf3 c6 19. Qd2 Nh4 20. Nxh4 Bxe5 21. dxe5 Qxh4 22. Re1 Re8 23. g3 Qc4 24. b3 Qc5 25. Kg2 Kg7 26. f4 Re6 27. Qd3 f5 28. b4 Qb6 29. a4 a5 30. Qd4 Qxd4 31. cxd4 axb4 32. Rb1 Kf7 33. Rxb4 Re7 34. Rb6 Ke8 35. a5 Rc7 36. Kf2 Kd7 37. Ke3 Kc8 38. Kd3 Kd7 39. Kc3 Kc8 40. Kb4 Kd7 41. Kc5 h6 42. a6 bxa6 43. Rxa6 Rc8 44. Ra7+ Ke8 45. Rh7 1-0


[Site "https://www.chess.com"]

[Event "Titled Tuesday Blitz June 6 Late 2023"]
[White "Shuvalova, Polina"]
[Black "The_Sherman_Variation"]
[WhiteFideId "24171760"]
[WhiteElo "2281"]
[BlackElo "2478"]
[Result "1-0"]
[Round "4"]
[TimeControl "180+2"]
[Date "2023.06.07"]
[WhiteClock "0:01:00"]
[BlackClock "0:00:15"]
[Board "78"]

1. e4 g6 2. d4 Bg7 3. Nc3 d6 4. f4 a6 5. Nf3 b5 6. Bd3 b4 7. Ne2 Bb7 8. O-O Nf6 9. Ng3 Nbd7 10. a3 bxa3 11. Rxa3 h5 12. e5 Ng4 13. h3 Nh6 14. e6 Nf8 15. exf7+ Nxf7 16. c3 e6 17. Qe2 Qf6 18. Bd2 Nd7 19. Ng5 O-O 20. Qxe6 Nb6 21. Qxf6 Bxf6 22. Ne6 Rfc8 23. Bxg6 Bd5 24. Bxf7+ Kxf7 25. Ng5+ Kg8 26. Raa1 Nc4 27. Bc1 Re8 28. h4 Ne3 29. Bxe3 Rxe3 30. Kf2 Rae8 31. Rfe1 Rxe1 32. Rxe1 Rxe1 33. Kxe1 Bxg2 34. Nxh5 Be7 35. Kf2 Bd5 36. Ng3 c5 37. Nf5 Bf8 38. Ke3 c4 39. Ne4 Bxe4 40. Kxe4 Kf7 41. Kd5 Kf6 42. Nxd6 Bh6 1-0


[Site "https://www.chess.com"]

[Event "Titled Tuesday Blitz June 6 Late 2023"]
[White "Fiorito, Joaquin"]
[Black "i_like_explosions"]
[WhiteFideId "180173"]
[WhiteElo "2199"]
[BlackElo "2474"]
[Result "1-0"]
[Round "4"]
[TimeControl "180+2"]
[Date "2023.06.07"]
[WhiteClock "0:00:13"]
[BlackClock "0:00:10"]
[Board "79"]

1. d4 Nf6 2. c4 e6 3. Nc3 Bb4 4. e3 O-O 5. Bd2 c5 6. a3 Bxc3 7. Bxc3 cxd4 8. exd4 d5 9. c5 Ne4 10. Ne2 Nc6 11. b4 Nxc3 12. Nxc3 Qf6 13. Ne2 e5 14. dxe5 Qxe5 15. b5 Na5 16. Qd4 Re8 17. Qxe5 Rxe5 18. O-O-O Bf5 19. Nd4 Rc8 20. f4 Rxc5+ 21. Kb2 Bg4 22. Bd3 Re3 23. Rhe1 Bxd1 24. Rxe3 g6 25. Re1 Ba4 26. Re8+ Kg7 27. Re7 Kf6 28. Rd7 a6 29. Rd6+ Ke7 30. Rb6 axb5 31. Kb1 Nc4 32. Rxb7+ Kf6 33. Bxc4 dxc4 34. Nf3 h6 35. Ne5 Kf5 36. Rxf7+ Ke4 37. Kc1 Kd4 38. Rd7+ Kc3 39. Rd2 g5 40. Nd7 Rf5 41. Nb6 Rxf4 42. Nd5+ Kb3 43. Nxf4 gxf4 44. Rd4 c3 45. Rxf4 Kxa3 46. g4 b4 47. Rf3 Bc6 48. Rg3 Kb3 49. h4 Be4 50. g5 hxg5 51. hxg5 Bg6 52. Rf3 Ka2 53. Rf2+ Ka3 54. Rf6 Bd3 55. Rd6 Bf5 56. Ra6+ Kb3 57. Rf6 Bd3 58. g6 Kc4 59. g7 Bh7 60. Rh6 Bg8 61. Rh8 Bf7 62. Rf8 Bd5 63. g8=Q Bxg8 64. Rxg8 b3 65. Rg4+ Kd3 66. Rg3+ Kc4 67. Kd1 Kb4 68. Kc1 Kc4 69. Kb1 Kd4 70. Rg4+ Kd3 71. Rb4 c2+ 72. Kb2 Kd2 73. Rd4+ Ke3 74. Rd8 Ke2 75. Kc1 Ke3 76. Rb8 Kd4 77. Rxb3 Kc4 78. Rb2 Kd5 79. Rxc2 Kd4 80. Rd2+ Ke4 81. Kc2 Ke5 82. Kc3 Ke4 83. Re2+ 1-0


[Site "https://www.chess.com"]

[Event "Titled Tuesday Blitz June 6 Late 2023"]
[White "Injac, Teodora"]
[Black "Barria Santos, Jose Guilherme"]
[WhiteFideId "932400"]
[BlackFideId "1939300"]
[WhiteElo "2269"]
[BlackElo "2266"]
[Result "0-1"]
[Round "4"]
[TimeControl "180+2"]
[Date "2023.06.07"]
[WhiteClock "0:00:02"]
[BlackClock "0:00:07"]
[Board "80"]

1. d3 c5 2. Nf3 Nc6 3. g3 g6 4. Bg2 Bg7 5. O-O d6 6. e4 e6 7. Nc3 Nge7 8. Qd2 O-O 9. b3 Nd4 10. Bb2 Nec6 11. Rab1 Rb8 12. h4 h6 13. Ne2 b5 14. Nfxd4 cxd4 15. f4 Re8 16. Qe1 Bd7 17. Qf2 Qf6 18. c3 dxc3 19. Bxc3 e5 20. Qe3 Qe7 21. f5 Rec8 22. Bh3 Rc7 23. Rf2 Nd4 24. Nxd4 Rxc3 25. Ne2 Rc2 26. Rbf1 f6 27. Qxa7 Rbc8 28. fxg6 R2c7 29. Bxd7 Rxa7 30. Bxc8 Qe8 31. Bf5 b4 32. Rc1 Ra8 33. g4 Qb5 34. Be6+ Kh8 35. Bc4 Qb6 36. Rc2 Rc8 37. Kg2 Qd8 38. Ng3 Qe8 39. h5 Qd7 40. Nf5 Bf8 41. Bd5 Qd8 42. Be6 Rc7 43. Kf3 Qb8 44. Rc4 Rxc4 45. Bxc4 Qa7 46. Bd5 Qa6 47. Bc4 Qa7 48. Ne3 d5 49. Nxd5 Kg7 50. Ne3 Bc5 51. Nf5+ Kh8 52. Re2 Bf8 53. Rc2 Qg1 54. Bf7 Qf1+ 55. Ke3 Qe1+ 56. Re2 Bc5+ 57. d4 exd4+ 58. Nxd4 Bxd4+ 59. Kxd4 Qxe2 60. Kd5 Qd3+ 61. Ke6 Qxe4+ 62. Kxf6 Qxg4 63. Ke7 Kg7 64. Be6 Qxh5 65. Kd6 Qxg6 0-1


[Site "https://www.chess.com"]

[Event "Titled Tuesday Blitz June 6 Late 2023"]
[White "Eugene, Floryan"]
[Black "Srdanovic, Jovana"]
[WhiteFideId "20694784"]
[BlackFideId "954810"]
[WhiteElo "2369"]
[BlackElo "2155"]
[Result "1-0"]
[Round "4"]
[TimeControl "180+2"]
[Date "2023.06.07"]
[WhiteClock "0:01:04"]
[BlackClock "0:00:04"]
[Board "81"]

1. d4 d5 2. Nf3 Nf6 3. c4 c6 4. e3 Bf5 5. Nc3 e6 6. Nh4 Be4 7. f3 Bg6 8. Nxg6 hxg6 9. Qb3 Qc7 10. g3 Nbd7 11. f4 Be7 12. Bg2 O-O-O 13. Bd2 Kb8 14. Rc1 dxc4 15. Qxc4 Nb6 16. Qb3 Qd7 17. a4 Nbd5 18. a5 Nxc3 19. bxc3 a6 20. Rb1 Qc7 21. O-O Rh7 22. Qc4 Ne8 23. Qxa6 Nd6 24. Rb6 Nc8 25. Rb2 Rh5 26. Rfb1 Nd6 27. Bxc6 Rxa5 28. Rxb7+ Nxb7 29. Rxb7+ Kc8 30. Rxc7+ Kxc7 31. Qxa5+ Kxc6 32. Qa6+ Kd7 33. Qb5+ Kc7 34. c4 Rb8 35. Ba5+ Kc8 36. Qe8+ Kb7 37. Qxe7+ Ka6 38. Qd6+ Ka7 39. Qxb8+ Kxb8 40. Bd2 1-0


[Site "https://www.chess.com"]

[Event "Titled Tuesday Blitz June 6 Late 2023"]
[White "MaryanKyrychenko"]
[Black "Kokoszczynski, Jan"]
[BlackFideId "1174460"]
[WhiteElo "2627"]
[BlackElo "2139"]
[Result "1-0"]
[Round "4"]
[TimeControl "180+2"]
[Date "2023.06.07"]
[WhiteClock "0:00:14"]
[BlackClock "0:00:02"]
[Board "82"]

1. e4 e5 2. Nf3 Nc6 3. d4 exd4 4. Nxd4 Nf6 5. Nxc6 bxc6 6. e5 Qe7 7. Qe2 Nd5 8. c4 Nb6 9. b3 d6 10. exd6 Qxe2+ 11. Bxe2 cxd6 12. O-O Bb7 13. Bg4 Be7 14. Re1 Kf8 15. Bb2 Re8 16. a4 h5 17. Bh3 d5 18. a5 Nc8 19. a6 Ba8 20. Nd2 Nb6 21. Re2 Bb4 22. Rxe8+ Kxe8 23. Bxg7 Rg8 24. Re1+ Kd8 25. Bf6+ Kc7 26. Re2 dxc4 27. bxc4 Bxd2 28. Be5+ Kd8 29. Rxd2+ Ke7 30. f4 f6 31. Bd6+ Kf7 32. c5 Nd5 33. Re2 h4 34. Be6+ 1-0


[Site "https://www.chess.com"]

[Event "Titled Tuesday Blitz June 6 Late 2023"]
[White "Melikyan, Gnel"]
[Black "KorolDimitriy75"]
[WhiteFideId "54109990"]
[WhiteElo "2138"]
[BlackElo "2466"]
[Result "1-0"]
[Round "4"]
[TimeControl "180+2"]
[Date "2023.06.07"]
[WhiteClock "0:00:27"]
[BlackClock "0:00:01"]
[Board "83"]

1. e4 c5 2. Nf3 d6 3. d4 cxd4 4. Nxd4 Nf6 5. Nc3 g6 6. Be3 Bg7 7. f3 O-O 8. Qd2 Nc6 9. g4 Be6 10. Nxe6 fxe6 11. O-O-O Ne5 12. Be2 Qc8 13. h4 Nc4 14. Bxc4 Qxc4 15. h5 Nd7 16. f4 Bxc3 17. Qxc3 Qxc3 18. bxc3 Rac8 19. hxg6 hxg6 20. Kd2 Nc5 21. Bxc5 Rxc5 22. Rdf1 Rc4 23. Rh6 Kg7 24. g5 e5 25. f5 Rxe4 26. Rxg6+ Kf7 27. Rh6 Rg8 28. Rh7+ Rg7 29. g6+ Kf6 30. Rfh1 Rg4 31. Rxg7 Kxg7 32. Rh7+ Kf6 33. Rf7+ Kg5 34. g7 Kf4 35. Rxe7 Kxf5 36. Rxb7 a5 37. c4 Ke4 38. Kc3 Rg3+ 39. Kb2 Kd4 40. Rc7 e4 41. Rd7 Kxc4 42. Rxd6 e3 43. Re6 a4 44. Re4+ Kb5 45. Re5+ Kc4 46. Re4+ Kb5 47. Re7 Kc4 48. Rxe3 Rxg7 49. Re5 Kb4 50. a3+ Kc4 51. Ra5 Rb7+ 52. Kc1 Kc3 53. Rxa4 Rg7 54. Kb1 Rg1+ 55. Ka2 Kxc2 56. Rc4+ Kd3 57. Rc7 Rg6 58. a4 1-0


[Site "https://www.chess.com"]

[Event "Titled Tuesday Blitz June 6 Late 2023"]
[White "Goryachkina, Aleksandra"]
[Black "szachmistrz2500"]
[WhiteFideId "4147103"]
[WhiteElo "2471"]
[BlackElo "2460"]
[Result "1-0"]
[Round "4"]
[TimeControl "180+2"]
[Date "2023.06.07"]
[WhiteClock "0:00:10"]
[BlackClock "0:00:28"]
[Board "84"]

1. e4 c5 2. Nf3 d6 3. Bb5+ Bd7 4. Bxd7+ Qxd7 5. O-O Nc6 6. Re1 Nf6 7. c3 e6 8. d4 cxd4 9. cxd4 d5 10. e5 Ne4 11. Re3 Be7 12. Nc3 Nxc3 13. bxc3 Na5 14. Ne1 O-O-O 15. Rb1 Kb8 16. Rg3 Rhg8 17. Bg5 Rc8 18. Bxe7 Qxe7 19. Qa4 Nc4 20. Nd3 Ka8 21. h3 Nd2 22. Re1 Ne4 23. Rxe4 dxe4 24. Nc5 Rxc5 25. dxc5 Qxc5 26. Rxg7 Rd8 27. Qd7 Rc8 28. Rxf7 Rb8 29. Qd4 Qa3 30. Rxh7 Qxa2 31. Rd7 Qb1+ 32. Kh2 a6 33. Rd8 Qc2 34. Rxb8+ Kxb8 35. h4 a5 36. Qd8+ Ka7 37. Qxa5+ Kb8 38. Qd8+ Ka7 39. Qd4+ Ka6 40. Qc4+ Ka7 41. Qc5+ Ka6 42. Qe3 Qd3 43. h5 Qd5 44. Qd4 Qd7 45. Qxd7 1-0


[Site "https://www.chess.com"]

[Event "Titled Tuesday Blitz June 6 Late 2023"]
[White "Bjelobrk, Igor"]
[Black "Lima, Kleyton Alcantara"]
[WhiteFideId "4300726"]
[BlackFideId "22718397"]
[WhiteElo "2319"]
[BlackElo "2009"]
[Result "1/2-1/2"]
[Round "4"]
[TimeControl "180+2"]
[Date "2023.06.07"]
[WhiteClock "0:00:27"]
[BlackClock "0:01:32"]
[Board "85"]

1. d4 Nf6 2. c4 g6 3. Nc3 d5 4. Nf3 Bg7 5. h4 c6 6. cxd5 cxd5 7. Bf4 Nc6 8. e3 O-O 9. Ne5 Nxe5 10. Bxe5 Ne4 11. Bxg7 Nxc3 12. bxc3 Kxg7 13. h5 Bf5 14. Qd2 Rc8 15. Rc1 Qd6 16. f3 a6 17. g4 Qg3+ 18. Qf2 Qxf2+ 19. Kxf2 Bd7 20. h6+ Kf6 21. Bd3 Rc7 22. c4 Rfc8 23. c5 b6 24. cxb6 Rxc1 25. Rxc1 Rxc1 26. b7 Rc8 27. bxc8=Q Bxc8 28. f4 Ke6 29. g5 Kd6 30. Ke2 f5 31. Kd2 Kc6 32. Kc3 Kb6 33. Kb4 Bd7 34. Bc2 a5+ 35. Ka3 e6 36. Ba4 Bb5 37. Bxb5 Kxb5 38. Kb3 Ka6 39. a4 Kb6 40. Kc3 Kc6 41. Kb3 Kb6 42. Kc3 Kc6 43. Kb3 Kb6 1/2-1/2


[Site "https://www.chess.com"]

[Event "Titled Tuesday Blitz June 6 Late 2023"]
[White "Rego, Pedro Filipe"]
[Black "Domingo Nunez, Alejandro"]
[WhiteFideId "1904310"]
[BlackFideId "22245561"]
[WhiteElo "2193"]
[BlackElo "2291"]
[Result "0-1"]
[Round "4"]
[TimeControl "180+2"]
[Date "2023.06.07"]
[WhiteClock "0:00:01"]
[BlackClock "0:00:02"]
[Board "86"]

1. d4 g6 2. e4 Bg7 3. Nf3 c6 4. Bd3 d5 5. e5 f6 6. h3 fxe5 7. Nxe5 Nf6 8. O-O Nbd7 9. f4 O-O 10. Nd2 Nh5 11. Ndf3 Nxf4 12. Bxf4 Rxf4 13. Ng5 Rxf1+ 14. Qxf1 Nxe5 15. dxe5 Qf8 16. Qe2 Qf4 17. Nf3 Bf5 18. Bxf5 Qxf5 19. Re1 Rf8 20. Nd4 Qd7 21. c3 c5 22. Nf3 Qf5 23. Qb5 b6 24. a4 Bh6 25. e6 Bf4 26. a5 Bd6 27. axb6 axb6 28. Qc6 Qh5 29. Rf1 Qf5 30. Rd1 d4 31. cxd4 cxd4 32. Qc4 Qf4 33. Qd3 Qg3 34. Rf1 Rf5 35. Ra1 h5 36. Ra8+ Kh7 37. Rc8 Rf4 38. h4 Rxh4 39. Nxh4 Qxd3 40. Nf3 Qe3+ 41. Kf1 Bg3 42. Rc2 d3 43. Re2 Qxe2+ 0-1


[Site "https://www.chess.com"]

[Event "Titled Tuesday Blitz June 6 Late 2023"]
[White "Kovalevsky, Stanislav"]
[Black "Martic, Ivan"]
[WhiteFideId "13508598"]
[BlackFideId "929301"]
[WhiteElo "2112"]
[BlackElo "2346"]
[Result "0-1"]
[Round "4"]
[TimeControl "180+2"]
[Date "2023.06.07"]
[WhiteClock "0:00:03"]
[BlackClock "0:01:44"]
[Board "87"]

1. c4 Nf6 2. Nc3 g6 3. g3 Bg7 4. Bg2 O-O 5. b4 e5 6. Bb2 Nc6 7. b5 Nd4 8. e3 Nf5 9. Nge2 h5 10. Qc2 Re8 11. Nd5 c6 12. Nxf6+ Bxf6 13. Nc3 Qe7 14. O-O h4 15. Ne4 Bg7 16. bxc6 dxc6 17. f4 hxg3 18. hxg3 Bd7 19. a4 c5 20. a5 Bc6 21. Ba3 exf4 22. Bxc5 Bxe4 23. Bxe7 Bxc2 24. Bc5 Bxa1 25. Rxa1 fxe3 26. Bxb7 Rab8 27. a6 exd2 28. Bxa7 Re1+ 0-1


[Site "https://www.chess.com"]

[Event "Titled Tuesday Blitz June 6 Late 2023"]
[White "Eidelman, Gabriel"]
[Black "Omranalhosani21"]
[WhiteFideId "30910544"]
[WhiteElo "2456"]
[BlackElo "2609"]
[Result "0-1"]
[Round "4"]
[TimeControl "180+2"]
[Date "2023.06.07"]
[WhiteClock "0:00:01"]
[BlackClock "0:00:12"]
[Board "88"]

1. Nc3 c5 2. e4 Nc6 3. f4 d6 4. Nf3 g6 5. g3 Bg7 6. Bg2 Nh6 7. O-O O-O 8. d3 f5 9. h3 e6 10. Be3 Nd4 11. Rb1 Rb8 12. Ne2 Nc6 13. c3 b5 14. b4 cxb4 15. cxb4 Bd7 16. Qb3 Kh8 17. Rfc1 a5 18. a3 axb4 19. axb4 Ra8 20. Nfd4 Nxd4 21. Bxd4 e5 22. Be3 Rc8 23. fxe5 dxe5 24. d4 fxe4 25. Bxe4 Bxh3 26. dxe5 Rxc1+ 27. Rxc1 Ng4 28. Bc5 Qd2 29. Bxf8 Bxf8 30. Qd3 Bxb4 31. Qxd2 Bxd2 32. Rc8+ Kg7 33. Nf4 Nxe5 34. Rc7+ Kh6 35. Kf2 b4 36. Ke2 Bc3 37. Nd5 Bg4+ 38. Ke3 Be1 0-1


[Site "https://www.chess.com"]

[Event "Titled Tuesday Blitz June 6 Late 2023"]
[White "Vega Gutierrez, Sabrina"]
[Black "Gubajdullin, Alexei"]
[WhiteFideId "2219026"]
[BlackFideId "4141202"]
[WhiteElo "2209"]
[BlackElo "2279"]
[Result "0-1"]
[Round "4"]
[TimeControl "180+2"]
[Date "2023.06.07"]
[WhiteClock "0:00:19"]
[BlackClock "0:00:47"]
[Board "89"]

1. e4 c6 2. d4 d5 3. e5 Bf5 4. Nd2 e6 5. Nb3 Nd7 6. Nf3 h6 7. Be2 Ne7 8. O-O g5 9. Ne1 Qc7 10. f4 a6 11. fxg5 hxg5 12. Bxg5 c5 13. c3 f6 14. exf6 Qxh2+ 15. Kf2 Ng6 16. Nf3 Qc7 17. Bd3 O-O-O 18. Bxf5 exf5 19. Rh1 Bd6 20. Rxh8 Rxh8 21. Qd3 Bg3+ 22. Kg1 Nf4 23. Qxf5 cxd4 24. cxd4 Ne2+ 25. Kf1 Qc4 26. Na5 Rh1+ 27. Ng1 Rxg1# 0-1


[Site "https://www.chess.com"]